 Dungeon Crawl Stone Soup version 0.28.0-49-g6dfe1f597d (webtiles) character file.

Game seed: 4483248116262114204

156 pkoi the Ruffian (level 4, -2/36 HPs)
             Began as a Demigod Gladiator on May 11, 2022.
             Succumbed to a kobold's poison
             ... on level 4 of the Dungeon.
             The game lasted 00:04:03 (4145 turns).

pkoi the Ruffian (Demigod Gladiator)                Turns: 4145, Time: 00:04:03

Health: -2/36      AC: 15    Str: 19    XL:     4   Next: 91%
Magic:  6/6        EV:  2    Int: 10    God:
Gold:   124        SH:  5    Dex: 15    Spells: 3/3 levels left

rFire   . . .      SeeInvis .     - Unarmed
rCold   . . .      Faith    .   (no shield)
rNeg    . . .      Spirit   .   a - +0 crystal plate armour
rPois   .          Reflect  +   b - +0 helmet
rElec   .          Harm     .   (no cloak)
rCorr   .          Rampage  .   (no gloves)
Will    .....                   (no boots)
Stlth   ..........              o - amulet of reflection
HPRegen 0.12/turn               f - ring of flight
MPRegen 0.10/turn               (no ring)

@: lethally poisoned (-2 -> -16), flying
A: high MP 1, forlorn, divine attributes
a: no special abilities


You were on level 4 of the Dungeon.
You visited 1 branch of the dungeon, and saw 4 of its levels.

You collected 124 gold pieces.

Inventory:

Hand Weapons
 h - a +1 dagger
 i - a +0 dagger
Missiles
 c - 3 throwing nets (quivered)
Armour
 a - a +0 crystal plate armour (worn)
 b - a +0 helmet (worn)
 d - a +0 chain mail
Jewellery
 f - a ring of flight (left hand)
 o - an amulet of reflection (around neck)
Scrolls
 k - 3 scrolls of blinking
 m - 2 scrolls of identify
 p - 2 scrolls of fog
Potions
 e - a potion of berserk rage
 l - a potion of degeneration {unknown}
 n - 2 potions of haste


   Skills:
 - Level 2.1 Fighting
 - Level 1.7 Throwing
 + Level 1.4 Armour
 - Level 2.8 Dodging
 * Level 4.8 Unarmed Combat


You had 3 spell levels left.
You didn't know any spells.
Your spell library contained the following spells:

 Spells                   Type           Power      Damage    Failure   Level
 Anguish                  Hex/Necr       0%         N/A       100%        4
 Yara's Violent Unravell  Hex/Tmut       0%         3d3       100%        5
 Polar Vortex             Ice            0%         N/A       100%        9


Dungeon Overview and Level Annotations

Branches:
Dungeon (4/15)
 Temple: D:4-7

Annotations:
D:4 Menkaure


Innate Abilities, Weirdness & Mutations

You have an increased reservoir of magic. (+10% MP)
You shall have no god before yourself.
Your divine heritage dramatically boosts your attributes as you level up.


Message History

You kill the orc!
The orc priest calls down the wrath of Beogh upon you.
Pain shoots through your body!
Unknown command.
The orc priest looks satisfied for a moment.
The kobold throws a poisoned dart.
The poisoned dart hits you.
You are poisoned.
You feel sick.
You feel sick.
The orc priest calls down the wrath of Beogh upon you.
Beogh smites you!
* * * LOW HITPOINT WARNING * * *
You feel sick.
You feel sick.
The orc priest casts a cantrip, but nothing happens.
The kobold throws a poisoned dart.
The poisoned dart hits you!
You are more poisoned.
You feel sick.
You feel sick.
You see here a giant cockroach corpse.
You feel sick.
You feel sick.
You feel sick.
You feel sick.
You feel sick.
You feel sick.
You are no longer poisoned.
The kobold throws a poisoned dart.
The poisoned dart hits you.
You are poisoned.
You feel sick.
You feel sick.
You feel sick.
The kobold throws a poisoned dart.
The poisoned dart hits you!
You are lethally poisoned!
* * * LOW HITPOINT WARNING * * *
You feel sick.
* * * LOW HITPOINT WARNING * * *
You feel sick.
The kobold throws a poisoned dart.
The poisoned dart hits you!
You are more poisoned.
There is a stone staircase leading up here.
You die...

....#...#.K†.o............##
... ##.####.#o.##..........#
#... #.######..##.#........#
... #..#..#..####.........#
#.# ##.....K.## #...#......#
##.###.........#
##..#...####
.......##.#..#####.....##
....######.(#........#
####.......#..@........#
.##....s...........##....##
......##.<...#..###.......#
...#####....##...###..##..##
#. ........#..#......##...#
. ..........####.........###
......[..)..# #..#.†......#
............#####.##......##
......................#####


You could see a kobold.

Vanquished Creatures
  A scorpion (D:3)
  3 adders
  A worm (D:2)
  A dart slug (D:4)
  An orc (D:4)
  4 ball pythons
  7 endoplasms
  6 giant cockroaches
  7 goblins
  5 hobgoblins
  5 kobolds
  2 quokkas (D:1)
  6 bats
  4 frilled lizards
  A rat (D:2)
  A spectral kobold (D:1)
55 creatures vanquished.

Notes
Turn   | Place    | Note
-------+----------+-------------------------------------------
     0 | D:1      | pkoi the Demigod Gladiator began the quest for the Orb.
     0 | D:1      | Reached XP level 1. HP: 17/17 MP: 3/3
    46 | D:1      | Reached skill level 3 in Unarmed Combat
   443 | D:1      | Reached XP level 2. HP: 19/24 MP: 4/4
   715 | D:1      | Got Sif Muna's Incunabulum of the Oath and Ice
  1499 | D:2      | Reached XP level 3. HP: 29/29 MP: 5/5
  1816 | D:2      | Reached skill level 4 in Unarmed Combat
  2967 | D:3      | Reached XP level 4. HP: 29/36 MP: 6/6
  3324 | D:4      | Noticed a kobold brigand
  3336 | D:4      | Noticed Menkaure
  3776 | D:3      | Reached skill level 1 in Armour
  4144 | D:4      | HP: 1/36 [poisoned by a kobold]
  4145 | D:4      | Succumbed to a kobold's poison

Illustrated notes

Levels and vault maps discovered:
D:1:      eino_arrival_cavern_b, layout_rooms,
          dreamdust_ecumenical_altar_drowned_temple
D:2:      layout_rooms
D:3:      layout_basic
D:4:      layout_cave_pools, uniq_menkaure

Skill      XL: |  1  2  3  4 |
---------------+-------------+-----
Unarmed Combat | 3 4 |  4.8
Fighting       | 2 |  2.1
Armour         | 1 |  1.4
Throwing       | |  1.7
Dodging        | |  2.8

Action                   |  1- 3 |  4- 6 || total
-------------------------+-------+-------++-------
Melee: Unarmed           |   179 |    41 ||   220
       Punch             |     6 |       ||     6
  Use: Scroll            |    11 |     1 ||    12
       Potion            |     1 |     1 ||     2
 Stab: Sleeping          |     1 |       ||     1
Armor: Leather armour    |    36 |       ||    36
       Ring mail         |    22 |       ||    22
       Crystal plate arm |    17 |    20 ||    37
       Chain mail        |    10 |       ||    10
Dodge: Dodged            |   123 |     6 ||   129
Block: Other             |       |    11 ||    11
